 Dungeon Crawl Stone Soup version 0.29.1-1-gd02db6906a (webtiles) character file.

Game seed: 16575095753372709670

32232 FastidiousMonk the Cleaver (level 13, -1/157 HPs)
             Began as a Gnoll Berserker on Oct 3, 2022.
             Was a Priest of Trog.
             Slain by an orc knight
             ... wielding a +2 long sword
              (11 damage)
             ... on level 2 of the Orcish Mines.
             The game lasted 02:53:12 (30241 turns).

FastidiousMonk the Cleaver (Gnoll Berserker)       Turns: 30241, Time: 02:53:12

Health: -1/157     AC: 21    Str: 22    XL:     13   Next: 63%
Magic:  25/25      EV: 14    Int:  9    God:    Trog [***...]
Gold:   1602       SH:  6    Dex: 13    Spells: 29/29 levels left

rFire   . . .      SeeInvis +   a - +6 flail of the Iron City of Dis {vorpal, Fly Will+ Str+2}
rCold   . . .      Faith    .   Z - +0 buckler
rNeg    + . .      Spirit   .   I - +3 scale mail of the Eternal Void {Fly rElec rN+}
rPois   .          Reflect  .   i - +2 helmet
rElec   +          Harm     .   m - +2 cloak
rCorr   .          Rampage  .   P - +0 pair of gloves
Will    ++++.                   w - +0 pair of boots
Stlth   ..........              L - amulet of magic regeneration
HPRegen 1.36/turn               r - ring of willpower
MPRegen 0.59/turn               Q - ring of the Robin {AC+4 Int+2 Slay+2 SInv}

@: berserking, strong-willed, spiked, corroded, flying, regenerating, studying
Axes, very quick
A: fangs 1, strong nose, distributed training
a: Renounce Religion, Berserk, Trog's Hand


You were on level 2 of the Orcish Mines.
You worshipped Trog.
Trog was most pleased with you.
You visited 4 branches of the dungeon, and saw 17 of its levels.

You collected 1602 gold pieces.

Inventory:

Hand Weapons
 a - the +6 flail of the Iron City of Dis (weapon) {vorpal, Fly Will+ Str+2}
   (You found it on level 2 of the Lair of Beasts)

   It inflicts extra damage upon your enemies.
   Str:       It affects your strength (+2).
   Fly:       It grants you flight.
   Will:      It increases your willpower.
 b - a +0 sling
 H - a +4 halberd of freezing
 J - a +0 longbow
 V - the +7 falchion of Death {holy, rPois}
   (You found it on level 11 of the Dungeon)

   It has been blessed by the Shining One to cause great damage to the undead
   and demons.
   rPois:     It protects you from poison.
Missiles
 f - 136 stones (quivered)
 g - 9 curare-tipped darts
 j - 18 boomerangs
 n - 7 poisoned darts
 E - 2 throwing nets
 G - 6 boomerangs of dispersal
Armour
 i - a +2 helmet (worn)
 m - a +2 cloak (worn)
 w - a +0 pair of boots (worn)
 I - the +3 scale mail of the Eternal Void (worn) {Fly rElec rN+}
   (You found it on level 8 of the Dungeon)

   rElec:     It insulates you from electricity.
   rN:        It protects you from negative energy.
   Fly:       It grants you flight.
 P - a +0 pair of gloves (worn)
 Z - a +0 buckler (worn)
Jewellery
 r - a ring of willpower (left hand)
 B - a ring of flight
 L - an amulet of magic regeneration (around neck)
 Q - the ring of the Robin (right hand) {AC+4 Int+2 Slay+2 SInv}
   (You found it on level 2 of the Lair of Beasts)

   [ring of protection]

   AC:        It affects your AC (+4).
   Int:       It affects your intelligence (+2).
   Slay:      It affects your accuracy & damage with ranged weapons and melee
   (+2).
   SInv:      It lets you see invisible.
Wands
 p - a wand of mindburst (5)
 A - a wand of charming (13)
 C - a wand of flame (8)
 F - a wand of digging (5)
 M - a wand of iceblast (2)
 N - a wand of polymorph (3)
Scrolls
 h - 2 scrolls of enchant armour
 l - 6 scrolls of teleportation
 o - a scroll of noise {unknown}
 q - a scroll of amnesia {unknown}
 u - 4 scrolls of poison
 v - a scroll of fog {unknown}
 y - 2 scrolls of magic mapping {unknown}
 z - 4 scrolls of identify
 K - 2 scrolls of blinking
 W - a scroll of fear {unknown}
 Y - a scroll of silence {unknown}
Potions
 c - 5 potions of curing
 d - a potion of mutation
 e - 5 potions of attraction
 k - 3 potions of lignification
 s - a potion of cancellation {unknown}
 t - 2 potions of flight
 x - a potion of heal wounds
 D - 3 potions of brilliance
 R - a potion of magic {unknown}
 S - a potion of haste {unknown}
 T - a potion of resistance
 U - a potion of ambrosia {unknown}
 X - a potion of might


   Skills:
 + Level 10.9 Fighting
 + Level 8.8 Short Blades
 + Level 8.8 Long Blades
 + Level 12.3 Axes
 + Level 10.9 Maces & Flails
 + Level 8.8 Polearms
 + Level 8.8 Staves
 + Level 8.8 Ranged Weapons
 + Level 8.8 Throwing
 + Level 9.9 Armour
 + Level 9.9 Dodging
 + Level 8.8 Stealth
 + Level 8.8 Shields
 + Level 8.8 Unarmed Combat
 + Level 8.8 Spellcasting
 + Level 7.3 Conjurations
 + Level 7.3 Hexes
 + Level 7.3 Summonings
 + Level 7.3 Necromancy
 + Level 7.3 Translocations
 + Level 7.3 Transmutations
 + Level 7.3 Fire Magic
 + Level 7.3 Ice Magic
 + Level 7.3 Air Magic
 + Level 7.3 Earth Magic
 + Level 7.3 Poison Magic
 + Level 9.6 Invocations
 + Level 8.8 Evocations


You had 29 spell levels left.
You didn't know any spells.
Your spell library contained the following spells:

 Spells                   Type           Power      Damage    Failure   Level
 Apportation              Tloc           34%        N/A       2%          1
 Beastly Appendage        Tmut           34%        N/A       2%          1
 Necrotise                Necr           68%        1d7       2%          1
 Shock                    Conj/Air       68%        1d7       2%          1
 Slow                     Hex            68%        N/A       2%          1
 Summon Small Mammal      Summ           68%        N/A       2%          1
 Sublimation of Blood     Necr           17%        N/A       3%          2
 Wereblood                Tmut           17%        N/A       3%          2
 Confusing Touch          Hex            17%        N/A       7%          3
 Dazzling Flash           Conj/Hex       34%        N/A       7%          3
 Gell's Gravitas          Tloc           17%        N/A       7%          3
 Lesser Beckoning         Tloc           17%        N/A       7%          3
 Spider Form              Tmut/Pois      17%        N/A       7%          3
 Stone Arrow              Conj/Erth      34%        3d9       7%          3
 Swiftness                Air            17%        N/A       7%          3
 Teleport Other           Tloc           17%        N/A       7%          3
 Vampiric Draining        Necr           17%        2d7       7%          3
 Airstrike                Air            8%         2d(2-18)  22%         4
 Animate Armour           Summ/Erth      34%        N/A       22%         4
 Petrify                  Tmut/Erth      17%        N/A       22%         4
 Agony                    Necr           17%        N/A       52%         5
 Irradiate                Conj/Tmut      8%         3d14      52%         5
 Silence                  Hex/Air        8%         N/A       52%         5
 Lehudib's Crystal Spear  Conj/Erth      8%         10d4      100%        8


Dungeon Overview and Level Annotations

Branches:
Dungeon (12/15)            Temple (1/1) D:7            Lair (2/5) D:9
  Swamp (0/4) Lair:2          Orc (2/2) D:10            Elf (0/3) Orc:2
  Snake: Lair:2-3    Spider: Lair:2-3

Altars:
Ashenzari
Cheibriados
Dithmenos
Elyvilon
Fedhas
Gozag
Hepliaklqana
Kikubaaqudgha
Makhleb
Nemelex Xobeh
Okawaru
Qazlal
Ru
Sif Muna
Trog
Uskayaw
Vehumet
Wu Jian
Xom
Yredelemnul
Zin
The Shining One

Shops:
D:4 (   D:8 *   Orc:2 [[[

Annotations:
D:1 Altars-UnknownGod, D:3 Altars-Gozag, D:7 EcumenicalTemple
D:9 TheLair,Altars-Makhleb,Zin, D:10 OrcishMines, Temple ManyAltars
Lair:1 2RingMagPower, Lair:2 SwampStairs,DarkTunnel,DroppedManyItemsHere
Orc:2 Shop,ElvenHalls,


Innate Abilities, Weirdness & Mutations

You have very sharp teeth.
Your uncanny sense of smell can sniff out nearby items.
Your experience applies equally to all skills.


Message History

The orc warrior barely misses you.
The orc knight hits you with a +0 great mace!!
The orc knight hits you with a +2 long sword!
* * * LOW HITPOINT WARNING * * *
The orc priest closely misses you. The orc knight barely misses you.
You block the orc warrior's attack.
You are too berserk!
You thump the orc knight! Your bite misses the orc knight.
The orc knight is severely wounded.
The red devil hits you from afar with a +0 trident.
* * * LOW HITPOINT WARNING * * *
Barbed spikes become lodged in your body.
You sock the orc knight!
The orc knight is almost dead.
The orc warrior hits you with a +0 dire flail!
* * * LOW HITPOINT WARNING * * *
The orc sorcerer barely misses you.
The orc priest begins to cast a cantrip, but forgets the words!
The orc knight misses you.
The orc knight roars a battlecry!
The orc knight goes into a battle-frenzy!
The orc knight hits you with a +0 great mace!
* * * LOW HITPOINT WARNING * * *
The orc warrior hits you with a +0 short sword!
* * * LOW HITPOINT WARNING * * *
The red devil hits you from afar with a +0 trident!
* * * LOW HITPOINT WARNING * * *
Barbed spikes become lodged in your body.
You are too berserk!
You barely miss the orc knight.
The orc knight is almost dead.
You sock the orc knight!
You feel the power of Trog in you as your rage grows.
You kill the orc knight!
Trog accepts your kill. The orc warrior barely misses you.
The orc sorcerer mumbles some strange words.
The orc priest looks satisfied for a moment.
The orc knight hits you with a +2 long sword!
You die...

#...........#........
#######.###########..
######.###### #..
###o....oo....### #..
##...####.####...## #..
##..######.######..###..
#..###...#.#.o.###..##.#
#.##..oo.#.#....o##.#
#.#..)4@o#.#......#)#
#....##ooo....##..))#
##..##...4.....##..##
#..#.......... #..
#..............o..
#..##.........##..
##...##.....## ..# ##∩.
##.##. .∩# ## ##


You could see 2 orc knights, a rust devil (summoned), an orc sorcerer (strong),
a red devil (summoned), 2 orc warriors and an orc priest (strong).

Vanquished Creatures
  Harold (Orc:1)
  2 hydras
  4 two-headed ogres
  3 death yaks (Lair:1)
  3 slime creatures (D:12)
  3 orc high priests (Orc:2)
  Nergalle (Orc:1)
  4 lindwurms (Lair:2)
  2 orc knights (Orc:2)
  5 orc sorcerers (Orc:2)
  2 ugly things (D:12)
  Maurice (D:9)
  2 cyclopes (D:11)
  4 molten gargoyles (D:11)
  A black mamba (Lair:2)
  3 cane toads
  4 unseen horrors
  A rime drake (Lair:1)
  4 komodo dragons
  2 vampires (D:11)
  A shadow (D:10)
  2 wraiths
  8 yaks
  2 fire bats (D:4)
  2 steam dragons (D:9)
  7 vampire mosquitoes
  A warg (Orc:2)
  13 water moccasins
  Duvessa (D:6)
  2 ice beasts
  2 sky beasts
  5 black bears
  12 orc warriors
  12 wolves (Lair:2)
  7 centaurs
  4 ogres
  3 boggarts (D:10)
  2 phantoms (D:5)
  4 bullfrogs
  2 kobold brigands
  3 necrophages
  2 gnoll sergeants
  3 scorpions
  8 wights
  Dowan (D:6)
  13 killer bees
  3 jellies (D:6)
  4 hounds
  10 orc priests
  2 iguanas
  16 orc wizards
  13 gnolls
  13 adders
  A shadow imp (D:8)
  3 ufetubi
  5 dart slugs
  35 orcs
  5 endoplasms
  5 giant cockroaches
  14 goblins
  5 hobgoblins
  4 jackals (D:1)
  12 kobolds
  5 quokkas
  5 ball pythons
  4 bats
  3 frilled lizards
  4 rats
345 creatures vanquished.

Vanquished Creatures (others)
  An orc wizard (D:11)
  19 fungi
  26 plants
46 creatures vanquished.

Grand Total: 391 creatures vanquished

Notes
Turn   | Place    | Note
-------+----------+-------------------------------------------
     0 | D:1      | FastidiousMonk the Gnoll Berserker began the quest for the
                  | Orb.
     0 | D:1      | Reached XP level 1. HP: 23/23 MP: 1/1
   128 | D:1      | Reached XP level 2. HP: 29/29 MP: 2/2
   822 | D:1      | Reached skill level 1 in Axes
   822 | D:1      | Reached XP level 3. HP: 35/35 MP: 3/3
   912 | D:1      | Found a faded altar of an unknown god.
  1050 | D:1      | Reached skill level 1 in Invocations
  1615 | D:2      | Reached skill level 1 in Short Blades
  1615 | D:2      | Reached skill level 1 in Long Blades
  1615 | D:2      | Reached skill level 1 in Polearms
  1615 | D:2      | Reached skill level 1 in Staves
  1615 | D:2      | Reached skill level 1 in Ranged Weapons
  1615 | D:2      | Reached skill level 1 in Throwing
  1615 | D:2      | Reached skill level 1 in Stealth
  1615 | D:2      | Reached skill level 1 in Shields
  1615 | D:2      | Reached skill level 1 in Unarmed Combat
  1615 | D:2      | Reached skill level 1 in Spellcasting
  1615 | D:2      | Reached skill level 1 in Evocations
  1748 | D:2      | Reached XP level 4. HP: 30/41 MP: 5/5
  2076 | D:2      | Reached skill level 1 in Conjurations
  2076 | D:2      | Reached skill level 1 in Hexes
  2076 | D:2      | Reached skill level 1 in Summonings
  2076 | D:2      | Reached skill level 1 in Necromancy
  2076 | D:2      | Reached skill level 1 in Translocations
  2076 | D:2      | Reached skill level 1 in Transmutations
  2076 | D:2      | Reached skill level 1 in Fire Magic
  2076 | D:2      | Reached skill level 1 in Ice Magic
  2076 | D:2      | Reached skill level 1 in Air Magic
  2076 | D:2      | Reached skill level 1 in Earth Magic
  2076 | D:2      | Reached skill level 1 in Poison Magic
  2548 | D:2      | Reached ** piety under Trog
  3406 | D:3      | Reached skill level 2 in Axes
  3544 | D:3      | Found an opulent altar of Gozag.
  3671 | D:3      | Reached XP level 5. HP: 46/47 MP: 2/7
  5027 | D:4      | Found Bagay's Antique Weapon Boutique.
  5027 | D:4      | Found a transporter.
  5188 | D:4      | Found a transporter.
  5197 | D:4      | Noticed a fire bat
  5199 | D:4      | Noticed a fire bat
  5361 | D:4      | Reached skill level 5 in Armour
  5361 | D:4      | Reached skill level 5 in Dodging
  5361 | D:4      | Reached XP level 6. HP: 21/53 MP: 8/8
  5660 | D:4      | Reached skill level 3 in Axes
  5740 | D:4      | Reached XP level 7. HP: 60/60 MP: 3/10
  6201 | D:4      | Killed a fire bat
  6209 | D:4      | Killed a fire bat
  6210 | D:4      | Reached skill level 4 in Axes
  6506 | D:5      | Entered Level 5 of the Dungeon
  6989 | D:5      | Reached XP level 8. HP: 67/67 MP: 4/12
  7792 | D:5      | Reached skill level 5 in Axes
  8274 | D:6      | Found a sand-covered staircase.
  8577 | D:6      | Reached XP level 9. HP: 72/73 MP: 14/14
  8781 | D:6      | Noticed Duvessa
  8801 | D:6      | Noticed Dowan
  8806 | D:6      | Killed Dowan
  8808 | D:6      | Killed Duvessa
  8809 | D:6      | Reached skill level 6 in Axes
  9980 | D:7      | Reached *** piety under Trog
 10080 | D:7      | Reached skill level 5 in Invocations
 10353 | D:7      | Found a staircase to the Ecumenical Temple.
 10379 | Temple   | Entered the Ecumenical Temple
 11306 | D:8      | Reached skill level 7 in Axes
 11344 | D:8      | Found Hicreiroch's Demolitions Depot.
 11436 | D:8      | Identified the +3 scale mail of the Eternal Void {Fly rElec
                  | rN+}
 11488 | D:8      | Noticed a two-headed ogre
 11497 | D:8      | Killed a two-headed ogre
 11498 | D:8      | Reached skill level 5 in Short Blades
 11498 | D:8      | Reached skill level 5 in Long Blades
 11498 | D:8      | Reached skill level 5 in Polearms
 11498 | D:8      | Reached skill level 5 in Staves
 11498 | D:8      | Reached skill level 5 in Ranged Weapons
 11498 | D:8      | Reached skill level 5 in Throwing
 11498 | D:8      | Reached skill level 5 in Stealth
 11498 | D:8      | Reached skill level 5 in Shields
 11498 | D:8      | Reached skill level 5 in Unarmed Combat
 11498 | D:8      | Reached skill level 5 in Spellcasting
 11498 | D:8      | Reached skill level 5 in Evocations
 11498 | D:8      | Reached XP level 10. HP: 82/82 MP: 17/17
 12956 | D:9      | Found a burning altar of Makhleb.
 12956 | D:9      | Found a glowing silver altar of Zin.
 12957 | D:9      | Noticed an angel
 12957 | D:9      | Noticed a blizzard demon
 13012 | D:9      | Noticed a two-headed ogre
 13019 | D:9      | Killed a two-headed ogre
 13020 | D:9      | Reached skill level 8 in Axes
 13731 | D:9      | Found a staircase to the Lair.
 13763 | D:9      | Noticed Maurice
 13794 | D:9      | Killed Maurice
 13908 | D:9      | Reached skill level 5 in Conjurations
 13908 | D:9      | Reached skill level 5 in Hexes
 13908 | D:9      | Reached skill level 5 in Summonings
 13908 | D:9      | Reached skill level 5 in Necromancy
 13908 | D:9      | Reached skill level 5 in Translocations
 13908 | D:9      | Reached skill level 5 in Transmutations
 13908 | D:9      | Reached skill level 5 in Fire Magic
 13908 | D:9      | Reached skill level 5 in Ice Magic
 13908 | D:9      | Reached skill level 5 in Air Magic
 13908 | D:9      | Reached skill level 5 in Earth Magic
 13908 | D:9      | Reached skill level 5 in Poison Magic
 13910 | D:9      | Reached XP level 11. HP: 89/89 MP: 20/20
 14269 | D:10     | Entered Level 10 of the Dungeon
 14636 | D:10     | Noticed a two-headed ogre
 14637 | D:10     | Noticed a two-headed ogre
 14648 | D:10     | Killed a two-headed ogre
 14649 | D:10     | Reached skill level 9 in Axes
 14659 | D:10     | Killed a two-headed ogre
 15035 | D:10     | Found a staircase to the Orcish Mines.
 17267 | D:11     | Noticed a cyclops
 17960 | D:11     | Identified the +7 falchion of Death {holy, rPois}
 18028 | D:11     | Noticed a cyclops
 18049 | D:11     | Killed a cyclops
 18163 | D:11     | Reached skill level 10 in Axes
 18665 | D:11     | Reached XP level 12. HP: 97/97 MP: 22/22
 21623 | D:12     | Noticed a four-headed hydra
 21644 | D:12     | Killed a four-headed hydra
 21645 | D:12     | Reached skill level 10 in Fighting
 21645 | D:12     | Reached skill level 10 in Maces & Flails
 23171 | Lair:1   | Entered Level 1 of the Lair of Beasts
 23605 | Lair:1   | Noticed a death yak
 23605 | Lair:1   | Noticed a death yak
 24301 | Lair:1   | Reached skill level 11 in Axes
 25135 | Lair:1   | Noticed a death yak
 25143 | Lair:1   | Killed a death yak
 25148 | Lair:1   | Killed a death yak
 25153 | Lair:1   | Killed a death yak
 25586 | Lair:2   | Identified the +6 flail of the Iron City of Dis {vorpal,
                  | Fly Will+ Str+2}
 25707 | Lair:2   | Found a dark tunnel.
 25888 | Lair:2   | Found a staircase to the Swamp.
 25964 | Lair:2   | Reached XP level 13. HP: 67/104 MP: 25/25
 26879 | Lair:2   | Identified the ring of the Robin {AC+4 Int+2 Slay+2 SInv}
 27726 | Orc:1    | Entered Level 1 of the Orcish Mines
 27752 | Orc:1    | Noticed Harold
 27870 | Orc:1    | Killed Harold
 28581 | Orc:1    | Noticed Nergalle
 29175 | Orc:1    | Killed Nergalle
 29365 | Orc:2    | Entered Level 2 of the Orcish Mines
 29434 | Orc:2    | Reached skill level 12 in Axes
 29694 | Orc:2    | Found Ifiweoma's Armour Boutique.
 29714 | Orc:2    | Found a staircase to the Elven Halls.
 29872 | Orc:2    | Found Sutusewk's Antique Armour Emporium.
 29891 | Orc:2    | Reached **** piety under Trog
 30217 | Orc:2    | Found Sempuf's Antique Armour Emporium.
 30241 | Orc:2    | Slain by an orc knight

Illustrated notes

Levels and vault maps discovered:
D:1:      lightli_molten_gateway, layout_basic, serial_glass, glass_columns_b,
          glass_columns_a, shapermc_ecumenical_altar_flowoftime,
          amcnicky_mini_corridor_feature
D:2:      layout_basic
D:3:      layout_basic, nicolae_gozag_cash_rules_everything_around_me
D:4:      gammafunk_cloud_chamber, layout_loops_ring, serial_shops, shop,
          minmay_ogre_servants
D:5:      layout_basic, chequers_serial_rivers_marsh, grunt_tough_drop
D:6:      cheibrodos_quashed, layout_basic, nicolae_ossuary_entry_ruins,
          uniq_duvessa
D:7:      layout_rooms, minmay_temple_entry_offerings
D:8:      layout_loops_cross, chequers_mini_garden, nicolae_blasting_shop
D:9:      layout_loops_ring, grunt_temple_overflow_order_and_chaos_2,
          grunt_lair_entry_orc_guard_hut, uniq_maurice
D:10:     kennysheep_ambush_hall, layout_layer_cave, orc_0_dummy
D:11:     layout_layer_cave, minivault_8
D:12:     layout_small_grid
Temple:   nicolae_temple_bog_church
Lair:1:   layout_cave_pods, lemuel_fruit_fields, grunt_megastairs_3
Lair:2:   layout_regular_city, swamp_mist, nicolae_volcano_entry_hallway,
          minmay_lindwurm_lava
Orc:1:    layout_caves, uniq_harold, uniq_nergalle
Orc:2:    st_orc_elflike, layout_diamond_mine, serial_shops, shop_statue

Skill      XL: |  1  2  3  4  5  6  7  8  9 10 11 12 13 |
---------------+----------------------------------------+-----
Axes           | 1 2 3 4 5 7 8 10 11 12 | 12.3
Invocations    | 1 2 3 4 5 6 7 8 9 |  9.6
Short Blades   | 1 2 3 5 6 7 8 |  8.8
Long Blades    | 1 2 3 5 6 7 8 |  8.8
Polearms       | 1 2 3 5 6 7 8 |  8.8
Staves         | 1 2 3 5 6 7 8 |  8.8
Ranged Weapons | 1 2 3 5 6 7 8 |  8.8
Throwing       | 1 2 3 5 6 7 8 |  8.8
Stealth        | 1 2 3 5 6 7 8 |  8.8
Shields        | 1 2 3 5 6 7 8 |  8.8
Unarmed Combat | 1 2 3 5 6 7 8 |  8.8
Spellcasting   | 1 2 3 5 6 7 8 |  8.8
Evocations     | 1 2 3 5 6 7 8 |  8.8
Conjurations   | 1 2 3 4 5 6 7 |  7.3
Hexes          | 1 2 3 4 5 6 7 |  7.3
Summonings     | 1 2 3 4 5 6 7 |  7.3
Necromancy     | 1 2 3 4 5 6 7 |  7.3
Translocations | 1 2 3 4 5 6 7 |  7.3
Transmutations | 1 2 3 4 5 6 7 |  7.3
Fire Magic     | 1 2 3 4 5 6 7 |  7.3
Ice Magic      | 1 2 3 4 5 6 7 |  7.3
Air Magic      | 1 2 3 4 5 6 7 |  7.3
Earth Magic    | 1 2 3 4 5 6 7 |  7.3
Poison Magic   | 1 2 3 4 5 6 7 |  7.3
Armour         | 5 6 7 8 9 |  9.9
Dodging        | 5 6 7 8 9 |  9.9
Fighting       | 7 8 9 10 | 10.9
Maces & Flails | 7 8 9 10 | 10.9

Action                   |  1- 3 |  4- 6 |  7- 9 | 10-12 | 13-15 || total
-------------------------+-------+-------+-------+-------+-------++-------
Melee: Mace              |    99 |    47 |       |       |       ||   146
       Bite              |     1 |     9 |    24 |    70 |    18 ||   122
       Flail             |       |    75 |   152 |    45 |   186 ||   458
       Punch             |       |     5 |     4 |       |       ||     9
       Falchion          |       |    12 |       |    18 |       ||    30
       Lajatang          |       |       |   108 |    21 |       ||   129
       Long sword        |       |       |     4 |       |       ||     4
       Great mace        |       |       |       |   433 |       ||   433
       Halberd           |       |       |       |   104 |       ||   104
 Fire: Sling             |       |       |       |     6 |     4 ||    10
Throw: Stone             |       |       |       |     5 |       ||     5
Invok: Berserk           |       |     4 |     9 |    27 |    10 ||    50
       Trog's Hand       |       |       |     2 |     5 |     4 ||    11
Evoke: Wand              |       |       |       |     2 |     1 ||     3
  Use: Scroll            |       |     6 |     5 |     8 |     1 ||    20
       Potion            |       |       |     1 |     8 |     1 ||    10
 Stab: Sleeping          |       |     5 |       |       |     1 ||     6
Armor: Animal skin       |    21 |    17 |       |       |       ||    38
       Ring mail         |       |    20 |    14 |       |       ||    34
       Plate armour      |       |       |   139 |       |       ||   139
       Chain mail        |       |       |    46 |       |       ||    46
       Scale mail        |       |       |       |   454 |    66 ||   520
Dodge: Dodged            |    59 |    55 |   123 |   499 |    80 ||   816
Block: Buckler           |       |       |       |    12 |    32 ||    44
